 Dungeon Crawl Stone Soup version 0.29-a0-80-g3050e97935 (webtiles) character file.

Game seed: 8442731150194194315

1498 Gargoyl the Skirmisher (level 8, -8/51 HPs)
             Began as a Gargoyle Abyssal Knight on Feb 4, 2022.
             Was a Priest of Lugonu.
             Mangled by Blork the orc (11 damage)
             ... on level 5 of the Dungeon.
             The game lasted 00:08:24 (7653 turns).

Gargoyl the Skirmisher (Gargoyle Abyssal Knight)    Turns: 7653, Time: 00:08:24

Health: -8/51      AC: 10    Str: 21    XL:     8   Next: 81%
Magic:  9/9        EV: 12    Int: 11    God:    Lugonu [***...]
Gold:   260        SH:  0    Dex: 10    Spells: 7/7 levels left

rFire   . . .      SeeInvis .   f - +2 scythe (freeze)
rCold   . . .      Faith    .   (shield currently unavailable)
rNeg    + + .      Spirit   .   o - +1 leather armour
rPois   ∞          Reflect  .   (no helmet)
rElec   +          Harm     .   (no cloak)
rCorr   .          Rampage  .   (no gloves)
Will    .....                   (no boots)
Stlth   ++........              (no amulet)
HPRegen 0.17/turn               q - ring of positive energy
MPRegen 0.11/turn               (no ring)

@: no status effects
A: sickness immunity, AC +5, negative energy resistance 1, electricity
resistance, torment resistance 1, petrification resistance, strong 1
a: Renounce Religion, Depart the Abyss, Bend Space, Banish


You were on level 5 of the Dungeon.
You worshipped Lugonu.
Lugonu was most pleased with you.
You visited 1 branch of the dungeon, and saw 5 of its levels.
You visited the Abyss 1 time.
You also visited: Ossuary.

You collected 260 gold pieces.

Inventory:

Hand Weapons
 a - a +1 hand axe
 f - a +2 scythe of freezing (weapon)
Armour
 o - a +1 leather armour (worn)
 u - a +0 chain mail
Jewellery
 q - a ring of positive energy (left hand)
 v - a ring of see invisible
Wands
 b - a wand of flame (23)
 r - a wand of polymorph (6)
Scrolls
 c - 12 scrolls of identify
 g - a scroll of teleportation
 m - 2 scrolls of blinking {unknown}
 n - a scroll of enchant armour
 p - 2 scrolls of immolation {unknown}
 s - a scroll of fog
 t - a scroll of brand weapon {unknown}
Potions
 d - 3 potions of mutation
 e - 2 potions of curing
 h - a potion of flight {unknown}
 i - 2 potions of haste {unknown}
 j - a potion of attraction {unknown}
 k - a potion of resistance {unknown}
 l - a potion of brilliance {unknown}


   Skills:
 + Level 5.7 Fighting
 + Level 4.4(5.6) Axes
 + Level 5.4(6.1) Polearms
 + Level 4.5 Armour
 + Level 3.3 Dodging
 + Level 2.4 Stealth
 + Level 2.3 Invocations


You had 7 spell levels left.
You didn't know any spells.
Your spell library contained the following spells:

 Spells                   Type           Power      Damage    Failure   Level
 Slow                     Hex            0%         N/A       38%         1
 Corpse Rot               Necr/Air       0%         N/A       52%         2
 Ensorcelled Hibernation  Hex/Ice        0%         N/A       52%         2
 Passwall                 Tmut/Erth      0%         N/A       52%         2
 Poisonous Vapours        Pois/Air       0%         N/A       52%         2
 Confusing Touch          Hex            0%         N/A       77%         3
 Conjure Flame            Conj/Fire      0%         6-21      77%         3
 Ignite Poison            Fire/Tmut/Pois 0%         N/A       77%         3
 Ozocubu's Armour         Ice            0%         N/A       77%         3
 Swiftness                Air            0%         N/A       77%         3
 Vampiric Draining        Necr           0%         2d6       77%         3
 Sticky Flame             Conj/Fire      0%         2d3       99%         4
 Ozocubu's Refrigeration  Ice            0%         4d5       100%        7


Dungeon Overview and Level Annotations

Branches:
Dungeon (5/15)            Ossuary (visited)
 Temple: D:4-7

Altars:
Beogh

Shops:
D:5 *:

Annotations:
D:3 3 runed translucent doors, Gargoyl's ghost, amateur GrAK
D:5 3 runed translucent doors, Blork the orc; zynnq's ghost, novice HOMo


Innate Abilities, Weirdness & Mutations

You are immune to sickness and miasma.
Your stone body is resilient. (AC +5)
You are immune to poison.
You resist negative energy. (rN+)
You are resistant to electric shocks. (rElec)
You are resistant to unholy torment.
You are immune to petrification.
Your muscles are strong. (Str +2)


Message History

Blork the orc gestures at you while chanting.
The puff of frost hits you!
You slash Blork the orc! You freeze Blork the orc.
Blork the orc is heavily wounded.
Blork the orc screams, "I'll eat your brain!
And then I'll vomit it back up!"
Blork the orc hits you with a +0 flail.
Blork the orc casts a spell.
Blork the orc seems to speed up.
You barely miss Blork the orc.
Blork the orc is moderately wounded.
Blork the orc hits you with a +0 flail. Blork the orc barely misses you.
Blork the orc hits you with a +0 flail!
You hit Blork the orc. You freeze Blork the orc.
Blork the orc is heavily wounded.
Blork the orc closely misses you. Blork the orc barely misses you.
You slash Blork the orc! You freeze Blork the orc.
Blork the orc is almost dead.
Blork the orc hits you with a +0 flail. Blork the orc closely misses you.
Blork the orc screams, "Die!"
Blork the orc hits you with a +0 flail.
You hit Blork the orc but do no damage.
Blork the orc is almost dead.
Blork the orc hits you with a +0 flail. Blork the orc barely misses you.
You barely miss Blork the orc.
Blork the orc is almost dead.
Blork the orc casts a cantrip, but nothing happens.
Blork the orc hits you but does no damage.
Blork the orc barely misses you.
You barely miss Blork the orc.
Blork the orc is almost dead.
Blork the orc hits you with a +0 flail!
* * * LOW HITPOINT WARNING * * *
Blork the orc hits you with a +0 flail.
* * * LOW HITPOINT WARNING * * *
Unknown command.
You hit Blork the orc. You freeze Blork the orc.
Blork the orc is almost dead.
Blork the orc screams, "I'll break your legs!"
Blork the orc completely misses you. Blork the orc hits you with a +0 flail!
You die...

##### #...#
#########.#'###
#.........+.'.##
#.#####...#+#..#
#.# #.###..#.# #.#
#.# ##.#.# #.# #.#
#.#.# #@# #.#
#.#.# #o#
###.####.#.### #.#
#.....##.#....
#.###.....##.##...
#.............#...
#####.....###.#..†
#.....# #.#...
###.### #..... #.#
###...


You could see Blork the orc (fast).

Vanquished Creatures
  Sigmund (D:2)
  Eustachio (D:5)
  A black bear (D:4)
  3 ogres
  A scorpion (D:5)
  4 killer bees (D:5)
  A water moccasin skeleton (D:4)
  A bullfrog skeleton (D:4)
  A jelly (D:5)
  A hound (D:5)
  A centaur skeleton (D:4)
  Ijyb (D:5)
  2 iguanas
  2 orc wizards
  13 mummies (Ossuary)
  8 adders
  A gnoll (D:1)
  A shadow imp (D:5)
  A worm (D:3)
  2 dart slugs (D:1)
  8 orcs
  10 bats
  5 endoplasms
  2 giant cockroaches
  10 hobgoblins
  3 quokkas
  3 ball pythons
  3 frilled lizards
  4 goblins
  4 goblin skeletons (Ossuary)
  6 kobolds
  4 kobold skeletons (Ossuary)
  3 rats (D:1)
  11 rat skeletons (Ossuary)
123 creatures vanquished.

Notes
Turn   | Place    | Note
-------+----------+-------------------------------------------
     0 | Abyss:1  | Gargoyl the Gargoyle Abyssal Knight began the quest for the
                  | Orb.
     0 | Abyss:1  | Reached XP level 1. HP: 14/14 MP: 2/2
     0 | D:1      | Escaped the Abyss
    36 | D:1      | Reached * piety under Lugonu
   255 | D:1      | Reached XP level 2. HP: 16/19 MP: 3/3
   436 | D:1      | Found a faded altar of an unknown god.
   822 | D:1      | Reached XP level 3. HP: 7/24 MP: 4/4
  1161 | D:1      | Reached skill level 1 in Dodging
  1971 | D:2      | Noticed Sigmund
  2100 | D:3      | Reached XP level 4. HP: 24/29 MP: 5/5
  2682 | D:2      | Reached XP level 5. HP: 33/33 MP: 6/6
  3373 | D:3      | Noticed an ogre
  3382 | D:3      | Reached skill level 1 in Stealth
  3405 | D:2      | Killed Sigmund
  3406 | D:2      | Reached XP level 6. HP: 25/38 MP: 7/7
  3932 | D:3      | Found a runed translucent gate.
  3972 | D:3      | Found a runed translucent gate.
  3972 | D:3      | Identified the +6 hand axe of Syexza {drain, MP+9 SInv}
  3972 | D:3      | Identified the +1 leather armour "Etizumo" {Rampage rElec
                  | rF- Dex+2}
  3973 | D:3      | Found a runed translucent gate.
  3975 | D:3      | Noticed Gargoyl's ghost (amateur GrAK)
  4348 | D:4      | Identified the +5 short sword "Ciroh" {drain, rPois Int+4
                  | Stlth+}
  4503 | D:4      | Reached XP level 7. HP: 42/44 MP: 8/8
  4531 | D:4      | Reached skill level 1 in Polearms
  4633 | D:4      | Found a sand-covered staircase.
  4638 | Ossuary  | Entered an ossuary
  4651 | Ossuary  | Reached ** piety under Lugonu
  6044 | D:4      | Reached *** piety under Lugonu
  6284 | D:4      | Reached skill level 5 in Fighting
  6284 | D:4      | Reached XP level 8. HP: 37/49 MP: 9/9
  6358 | D:5      | Entered Level 5 of the Dungeon
  6482 | D:5      | Noticed Eustachio
  6521 | D:5      | Killed Eustachio
  6760 | D:5      | Found Duudghec's General Store.
  7002 | D:5      | Found a runed translucent gate.
  7002 | D:5      | Found a runed translucent gate.
  7002 | D:5      | Found a runed translucent gate.
  7010 | D:5      | Noticed zynnq's ghost (novice HOMo)
  7039 | D:5      | Noticed Ijyb
  7045 | D:5      | Killed Ijyb
  7093 | D:5      | Found Huerph's Book Boutique.
  7182 | D:5      | Reached skill level 5 in Polearms
  7198 | D:5      | Gained mutation: Your muscles are strong. (Str +2) [potion
                  | of mutation]
  7204 | D:5      | HP: 2/50 [killer bee (7)]
  7624 | D:5      | Found Bicka's Magic Scroll Shop.
  7640 | D:5      | Noticed Blork the orc
  7653 | D:5      | Mangled by Blork the orc

Illustrated notes

Levels and vault maps discovered:
D:1:      lightli_arrival_noodles, layout_basic, shapermc_ecumenical_altar_gd
D:2:      layout_basic, uniq_sigmund
D:3:      layout_basic, biasface_ghost_orc_armoury
D:4:      minmay_skewed_foursquare, layout_cave_pods,
          nicolae_ossuary_entry_false_entrances
D:5:      layout_loops_ring, serial_shops, nicolae_shop_behind_doors, shop,
          gammafunk_ghost_necromancy, nicolae_wooded_promenade, st_stairs_1,
          uniq_ijyb, uniq_blork_the_orc, uniq_eustachio

Skill      XL: |  1  2  3  4  5  6  7  8 |
---------------+-------------------------+-----
Axes           | 2 3 4 |  4.4
Dodging        | 1 2 3 |  3.3
Fighting       | 4 5 |  5.7
Armour         | 3 4 |  4.5
Stealth        | 1 2 |  2.4
Polearms       | 3 5 |  5.4
Invocations    | |  2.3

Action                   |  1- 3 |  4- 6 |  7- 9 || total
-------------------------+-------+-------+-------++-------
Melee: Hand axe          |    95 |    81 |       ||   176
       Punch             |     1 |     1 |       ||     2
       Scythe            |       |    45 |   230 ||   275
Invok: Depart the Abyss  |     1 |       |       ||     1
  Use: Scroll            |     3 |       |     6 ||     9
       Potion            |       |     3 |     3 ||     6
 Stab: Sleeping          |       |       |     4 ||     4
Armor: Leather armour    |    41 |    91 |    84 ||   216
       Chain mail        |       |       |    66 ||    66
Dodge: Dodged            |    70 |   135 |   200 ||   405

Table legend: (Time is in decaauts)
 A = Elapsed time spent in this place.
 B = Non-inter-level travel time spent in this place.
 C = Inter-level travel time spent in this place.
 D = Time resting spent in this place.
 E = Time spent auto-exploring this place.
 F = Levels seen in this place.
 G = Mean time per level.
                   A        B        C        D        E       F      G
               +--------+--------+--------+--------+--------+-----+--------+
         Total |   7901 |   7613 |    288 |   1070 |   5018 |   7 | 1128.7 |
       Dungeon |   6769 |   6481 |    288 |    657 |   4592 |   5 | 1353.8 |
         Abyss |      0 |      0 |      0 |      0 |      0 |   1 |    0.0 |
       Ossuary |   1131 |   1131 |      0 |    413 |    426 |   1 | 1131.0 |
               +--------+--------+--------+--------+--------+-----+--------+

Top non-repeatable levels by time:
     D:1: 1881 daAuts
     D:5: 1374 daAuts
     D:4: 1240 daAuts
     D:3: 1239 daAuts
 Ossuary: 1131 daAuts
     D:2: 1034 daAuts
